 Dungeon Crawl Stone Soup version 0.22.0-25-g7663229 (webtiles) character file.

84 digijack the Charmwright (level 4, 23/23 HPs)
             Began as a Spriggan Skald on Aug 20, 2018.
             Got out of the dungeon alive.
             The game lasted 00:11:19 (1969 turns).

digijack the Charmwright (Spriggan Skald)           Turns: 1969, Time: 00:11:20

Health: 23/23      AC:  2    Str:  7    XL:     4   Next: 24%
Magic:  10/10      EV: 19    Int: 15    God:
Gold:   88         SH:  0    Dex: 15    Spells: 6/9 levels left

rFire    + . .     SeeInvis +   a - +1 dagger (venom)
rCold    . . .     Gourm    .   (shield restricted)
rNeg     . . .     Faith    .   b - +0 robe
rPois    .         Spirit   .   (helmet restricted)
rElec    .         Reflect  .   (no cloak)
rCorr    .         Harm     .   (gloves unavailable)
MR       .....                  (boots unavailable)
Stlth    ++........             i - amulet of regeneration
HPRegen  0.47/turn              c - ring of protection from fire
MPRegen  0.12/turn              (no ring)

@: very quick
A: very small, unfitting armour, see invisible, herbivore, speed 3, slow
metabolism 2
a: no special abilities


You escaped.
You were not hungry.

You visited 1 branch of the dungeon, and saw 2 of its levels.

You collected 88 gold pieces.

Inventory:

Hand Weapons
 a - a +1 dagger of venom (weapon)
Missiles
 h - 68 stones (quivered)
Armour
 b - a +0 robe (worn)
Jewellery
 c - a ring of protection from fire (left hand)
 i - an amulet of regeneration (around neck)
Potions
 f - a potion of heal wounds
 g - a potion of brilliance
Comestibles
 d - 2 rations


   Skills:
 + Level 2.1 Fighting
 + Level 2.9 Short Blades
 + Level 4.2 Dodging
 + Level 1.6 Stealth
 + Level 3.3 Spellcasting
 + Level 5.1 Charms


You had 6 spell levels left.
You knew the following spells:

 Your Spells              Type           Power        Failure   Level  Hunger
a - Infusion              Chrm           ###.         2%          1    None
b - Shroud of Golubria    Chrm/Tloc      ##........   11%         2    ##.....

Your spell library contained the following spells:

 Spells                   Type           Power        Failure   Level  Hunger
 Song of Slaying          Chrm           ###.....     3%          2    ##.....
 Regeneration             Chrm/Necr      ##........   21%         3    ###....
 Spectral Weapon          Hex/Chrm       ##......     21%         3    ###....


Dungeon Overview and Level Annotations

Branches:
Dungeon (2/15)

Altars:
Dithmenos


Innate Abilities, Weirdness & Mutations

You are very small and have problems with some larger weapons.
You are too small for most types of armour.
You have supernaturally acute eyesight. (SInv)
You are a herbivore.
You cover ground extremely quickly.
You need to consume almost no food.


Message History

You begin infusing your attacks with magical energy.
You hit the hobgoblin.
You kill the hobgoblin!
You see here a club.
There is a stone staircase leading up here.
You climb upwards.
Your magical contamination has completely faded away.
There is a stone staircase leading down here.
Your magical infusion is running out.
There is an open door here.
Magic restored.
Things that are here:
a club x2
You are no longer magically infusing your attacks.
There is an open door here.
There is a fountain of clear blue water here.
There is an open door here.
There is a staircase leading out of the dungeon here.
Are you sure you want to leave the Dungeon?
This will make you lose the game!
You have escaped!

....)...# #.......# #..
#######.###### #########
##. #.##...# ########## #.
#.##.8.# #........# #.
#.##...# #.######.# ##
#.###'### #.# #.# #
#.#.....#####.######.# #
#.#.....#...#.#......######
#.'..⌠..'.@.#.#...##.##....
###.....#.[.#......####....
#.....#####......').#....
###'### #......##.#####
#...# #......##.# #.8.#
#......##.# #...#
#......##.# #####
#......##.# #......##.#


There were no monsters in sight!

Vanquished Creatures
  3 adders (D:2)
  2 dart slugs
  2 leopard geckos (D:1)
  7 bats
  A giant cockroach (D:2)
  6 hobgoblins
  6 jackals (D:1)
  4 frilled lizards
  9 goblins
  4 kobolds
  6 rats
50 creatures vanquished.

Notes
Turn   | Place    | Note
-------+----------+-------------------------------------------
     0 | D:1      | digijack the Spriggan Skald began the quest for the Orb.
     0 | D:1      | Reached XP level 1. HP: 10/10 MP: 5/5
   119 | D:1      | Reached XP level 2. HP: 8/15 MP: 3/6
   573 | D:1      | Reached XP level 3. HP: 15/18 MP: 5/8
  1382 | D:2      | Found a shadowy altar of Dithmenos.
  1389 | D:2      | Reached skill level 1 in Stealth
  1399 | D:2      | Learned a level 2 spell: Shroud of Golubria
  1540 | D:2      | Reached skill level 5 in Charms
  1598 | D:2      | Reached XP level 4. HP: 23/23 MP: 4/9
  1758 | D:2      | Found a faded altar of an unknown god.
  1969 | D:$      | Got out of the dungeon alive.

Skill      XL: |  1  2  3 |
---------------+----------+-----
Spellcasting   | 3 |  3.3
Dodging        | 4 |  4.2
Fighting       | 2 |  2.1
Stealth        | 1 |  1.6
Charms         | 5 |  5.1
Short Blades   | |  2.9

Action                   |  1- 3 |  4- 6 || total
-------------------------+-------+-------++-------
Melee: Short sword       |    28 |       ||    28
       Dagger            |    66 |    21 ||    87
Throw: Stone             |     1 |       ||     1
 Cast: Infusion          |    19 |     5 ||    24
  Use: Potion            |     3 |       ||     3
       Scroll            |     3 |       ||     3
 Stab: Distracted        |     1 |       ||     1
       Sleeping          |     2 |     1 ||     3
Armor: Robe              |     3 |     3 ||     6
Dodge: Dodged            |    56 |     9 ||    65
